 Dungeon Crawl Stone Soup version 0.28.0-49-g6dfe1f597d (console) character file.

Game seed: 17953223402714455607

151 Banquo the Magician (level 5, -6/37 HPs)
             Began as a Djinni Hedge Wizard on May 18, 2022.
             Mangled by a worm (9 damage)
             ... on level 2 of the Dungeon.
             The game lasted 00:08:29 (3459 turns).

Banquo the Magician (Djinni Hedge Wizard)           Turns: 3459, Time: 00:08:29

Health: -6/37      AC:  2    Str:  9    XL:     5   Next: 59%
Gold:   43         EV: 13    Int: 17    God:
                   SH:  0    Dex: 19

rFire   + + .      SeeInvis .   m - +2 short sword (flame)
rCold   x . .      Faith    .   (no shield)
rNeg    . . .      Spirit   .   b - +0 robe
rPois   ∞          Reflect  .   c - +0 hat
rElec   .          Harm     .   (no cloak)
rCorr   .          Rampage  .   (no gloves)
Will    .....                   (boots unavailable)
Stlth   ++........              (no amulet)
HPRegen 0.12/turn               p - +6 ring of dexterity
MPRegen 0.00/turn               (no ring)

@: flying
A: sickness immunity, fire resistance 2, cold vulnerability 1, float, innate
caster, HP casting, extra vitality 1
a: no special abilities


You were on level 2 of the Dungeon.
You visited 1 branch of the dungeon, and saw 2 of its levels.

You collected 43 gold pieces.

Inventory:

Hand Weapons
 a - a +0 dagger
 m - a +2 short sword of flaming (weapon)
Missiles
 j - 3 boomerangs
Armour
 b - a +0 robe (worn)
 c - a +0 hat (worn)
Jewellery
 p - a +6 ring of dexterity (left hand)
Wands
 r - a wand of flame (15)
Scrolls
 e - a scroll of identify {unknown}
 i - a scroll of immolation {unknown}
 k - a scroll of enchant armour {unknown}
 l - a scroll of holy word {unknown}
 q - a scroll of teleportation {unknown}
Potions
 d - a potion of curing {unknown}
 f - a potion of mutation {unknown}
 g - a potion of magic {unknown}
 h - a potion of degeneration {unknown}
 n - a potion of haste {unknown}
 o - a potion of brilliance {unknown}
 s - a potion of invisibility {unknown}
 t - a potion of lignification {unknown}


   Skills:
 * Level 1.3 Fighting
 * Level 2.8 Dodging
 - Level 1.5 Stealth
 * Level 4.1 Spellcasting


You couldn't memorise any spells.
You knew the following spells:

 Your Spells              Type           Power      Damage    Failure   Level
a - Magic Dart            Conj           68%        1d6       2%          1
b - Wereblood             Tmut           17%        N/A       4%          2
c - Mephitic Cloud        Conj/Pois/Air  17%        N/A       9%          3
d - Slow                  Hex            68%        N/A       2%          1
f - Conjure Flame         Conj/Fire      17%        6-21      9%          3
g - Sandblast             Erth           34%        2d9       2%          1
i - Call Imp              Summ           17%        N/A       4%          2
B - Blink                 Tloc           34%        N/A       4%          2
Your spell library was empty.

Dungeon Overview and Level Annotations

Branches:
Dungeon (2/15)

Altars:

Shops:
D:1 :*

Annotations:
D:2 Robin, Sigmund


Innate Abilities, Weirdness & Mutations

You are immune to sickness and miasma.
You are immune to poison.
Your flesh is very heat resistant. (rF++)
You are vulnerable to cold. (rC-)
You float through the air rather than walking.
You learn spells naturally, not from books.
Your magical power is your life essence.
You have superior vitality. (+4 MHP)


Message History

Aiming: Magic Dart (safe; 2% risk of failure)
Press: ? - help, Shift-Dir - straight line, f/p - worm
Aim: a worm (heavily wounded, 100% to hit)
The magic dart hits the worm.
The worm is severely wounded.
Casting: Magic Dart (safe; 2% risk of failure)
Confirm with . or Enter, or press ? or * to list all spells.
Aiming: Magic Dart (safe; 2% risk of failure)
Press: ? - help, Shift-Dir - straight line, f/p - worm
Aim: a worm (severely wounded, 100% to hit)
The magic dart hits the worm.
The worm is severely wounded.
The worm bites you!
Casting: Magic Dart (safe; 2% risk of failure)
Confirm with . or Enter, or press ? or * to list all spells.
Aiming: Magic Dart (safe; 2% risk of failure)
Press: ? - help, Shift-Dir - straight line, f/p - worm
Aim: a worm (severely wounded, 100% to hit)
The magic dart hits the worm.
The worm is almost dead.
Your magical contamination has completely faded away.
Casting: Magic Dart (safe; 2% risk of failure)
Confirm with . or Enter, or press ? or * to list all spells.
Aiming: Magic Dart (safe; 2% risk of failure)
Press: ? - help, Shift-Dir - straight line, f/p - worm
Aim: a worm (almost dead, 100% to hit)
The magic dart hits the worm.
The worm is almost dead.
The worm bites you!
* * * LOW HITPOINT WARNING * * *
You hit the worm but do no damage.
The worm is almost dead.
You hit the worm but do no damage.
The worm is almost dead.
The worm bites you!
* * * LOW HITPOINT WARNING * * *
You hit the worm but do no damage.
The worm is almost dead.
The worm bites you!
You die...

######### #........
####### #####.†####
#.....###.........#
#..(..##.......@..#
#..............w#.#
#.....##.......## #
#.....###......#
####.### #..###.#
......# #......#
..#...# ##.##...
####..# ...†.
###.#†## #..


You could see a worm.

Vanquished Creatures
  Natasha (thrice) (D:2)
  An adder (D:2)
  2 dart slugs
  7 bats
  6 endoplasms
  12 giant cockroaches
  8 goblins
  6 hobgoblins
  2 quokkas (D:1)
  3 ball pythons (D:1)
  3 frilled lizards
  2 kobolds (D:1)
  3 rats (D:1)
58 creatures vanquished.

Notes
Turn   | Place    | Note
-------+----------+-------------------------------------------
     0 | D:1      | Banquo the Djinni Hedge Wizard began the quest for the Orb.
     0 | D:1      | Reached XP level 1. HP: 15/15 MP: 0/0
    88 | D:1      | Found a faded altar of an unknown god.
    88 | D:1      | Found Biotufo's Book Shoppe.
   233 | D:1      | Reached XP level 2. HP: 20/21 MP: 0/0
   484 | D:1      | Found Meheciept's Assorted Antiques.
   791 | D:1      | Reached skill level 3 in Spellcasting
   831 | D:1      | Reached XP level 3. HP: 22/26 MP: 0/0
   831 | D:1      | Learned a level 1 spell: Sandblast
  1825 | D:2      | Noticed Sigmund
  2097 | D:2      | Noticed Robin
  2102 | D:2      | Reached XP level 4. HP: 30/31 MP: 0/0
  2302 | D:2      | Noticed Natasha
  2317 | D:2      | Killed Natasha
  2318 | D:2      | Reached skill level 1 in Fighting
  2819 | D:2      | Noticed Natasha
  2829 | D:2      | Killed Natasha
  2830 | D:2      | Reached XP level 5. HP: 26/37 MP: 0/0
  2830 | D:2      | Learned a level 2 spell: Wereblood
  3218 | D:2      | Noticed Natasha
  3249 | D:2      | Killed Natasha
  3250 | D:2      | Reached skill level 4 in Spellcasting
  3459 | D:2      | Mangled by a worm

Illustrated notes

Levels and vault maps discovered:
D:1:      minmay_arrival_open_corners, layout_basic,
          chequers_ecumenical_altar_island, serial_shops, shop, shop_fountains
D:2:      minmay_roachtagon, layout_loops_corners, uniq_robin, uniq_sigmund,
          uniq_natasha

Skill      XL: |  1  2  3  4  5 |
---------------+----------------+-----
Spellcasting   | 3 4 |  4.1
Fighting       | 1 |  1.3
Dodging        | |  2.8
Stealth        | |  1.5

Action                   |  1- 3 |  4- 6 || total
-------------------------+-------+-------++-------
Melee: Short sword       |     1 |    10 ||    11
 Cast: Magic Dart        |    84 |    80 ||   164
       Mephitic Cloud    |       |     5 ||     5
       Call Imp          |       |     1 ||     1
 Stab: Distracted        |     1 |       ||     1
       Confused          |       |     1 ||     1
Armor: Robe              |     2 |     3 ||     5
Dodge: Dodged            |    12 |     7 ||    19
